 Dungeon Crawl Stone Soup version 0.21.0-30-g47ce8e4 (webtiles) character file.

0 Monsterracer the Magician (level 1, 0/10 HPs)
             Began as a Deep Elf Wizard on Jan 28, 2018.
             Slain by a kobold (3 damage)
             ... on level 1 of the Dungeon.
             The game lasted 00:01:27 (226 turns).

Monsterracer the Magician (Deep Elf Wizard)          Turns: 226, Time: 00:01:28

Health: 0/10       AC:  2    Str:  4    XL:     1   Next: 8%
Magic:  7/7        EV: 13    Int: 22    God:
Gold:   22         SH:  0    Dex: 17    Spells: 7/8 levels left

rFire    . . .     SeeInvis .   f - +0 dagger
rCold    . . .     Gourm    .   (no shield)
rNeg     . . .     Faith    .   a - +0 robe
rPois    .         Spirit   .   b - +0 hat
rElec    .         Reflect  .   (no cloak)
rCorr    .         Harm     .   (no gloves)
MR       .....                  (no boots)
Stlth    ++........             (no amulet)
HPRegen  0.03/turn              g - +4 ring of dexterity
MPRegen  0.10/turn              (no ring)

@: no status effects
A: no striking features
a: no special abilities


You were on level 1 of the Dungeon.
You were not hungry.

You visited 1 branch of the dungeon, and saw 1 of its levels.

You collected 22 gold pieces.

Inventory:

Hand Weapons
 f - a +0 dagger (weapon)
Armour
 a - a +0 robe (worn)
 b - a +0 hat (worn)
Jewellery
 g - a +4 ring of dexterity (left hand)
Scrolls
 e - a scroll of magic mapping {unknown}
 h - a scroll of enchant weapon {unknown}
 i - a scroll of amnesia {unknown}
Books
 d - a book of Minor Magic

   Spells                             Type                      Level
   a - Magic Dart                     Conjuration                  1
   b - Blink                          Translocation                2
   c - Call Imp                       Summoning                    2
   d - Slow                           Hexes                        2
   e - Conjure Flame                  Conjuration/Fire             3
   f - Mephitic Cloud                 Conjuration/Poison/Air       3
Comestibles
 c - 2 rations


   Skills:
 - Level 0.1 Fighting
 + Level 0.0 Short Blades
 - Level 2.4 Dodging
 - Level 2.4 Stealth
 - Level 4.4 Spellcasting
 - Level 1.1 Conjurations
   Level 1.1 Summonings
   Level 1.1 Translocations


You had 7 spell levels left.
You knew the following spells:

 Your Spells              Type           Power        Failure   Level  Hunger
a - Magic Dart            Conj           #...         7%          1    None


Dungeon Overview and Level Annotations

Branches:
Dungeon (1/15)

Altars:


Message History

You see here 5 stones.
Found 5 gold pieces and a large silver ring.
g - a large silver ring You now have 5 gold pieces.
Put on which piece of jewellery? (? for menu, Esc to quit)
You feel agile.
g - a +4 ring of dexterity (left hand)
You open the door.
Found a scroll labeled BAIGAOSADO.
There is an open door here.
Found 17 gold pieces.
You now have 14 gold pieces (gained 9).
h - a scroll labeled BAIGAOSADO You now have 22 gold pieces (gained 8).
Found a stone staircase leading down.
Found a robe.
A hobgoblin comes into view.
The hobgoblin shouts!
You hear a shout!
Found a ration.
A kobold comes into view.
There is a stone staircase leading down here.
You open the door. The hobgoblin barely misses you.
There is an open door here.
You barely miss the hobgoblin. The hobgoblin completely misses you.
You hit the hobgoblin but do no damage.
The hobgoblin hits you but does no damage.
You hit the hobgoblin.
The hobgoblin is lightly wounded.
The hobgoblin hits you.
You take 2 damage, and have 8/10 hp.
You hit the hobgoblin but do no damage.
The hobgoblin is lightly wounded.
The hobgoblin barely misses you.
There is an open door here.
You hit the hobgoblin but do no damage.
The hobgoblin is lightly wounded.
The hobgoblin hits you but does no damage.
You hit the hobgoblin.
The hobgoblin is moderately wounded.
The hobgoblin barely misses you.
You closely miss the hobgoblin.
The hobgoblin is moderately wounded.
The hobgoblin hits you.
You take 2 damage, and have 6/10 hp.
You barely miss the hobgoblin.
The hobgoblin is moderately wounded.
The hobgoblin misses you.
You barely miss the hobgoblin.
The hobgoblin is moderately wounded.
The hobgoblin hits you but does no damage.
You barely miss the hobgoblin.
The hobgoblin is moderately wounded.
The hobgoblin barely misses you.
You barely miss the hobgoblin.
The hobgoblin is moderately wounded.
The hobgoblin misses you.
You hit the hobgoblin but do no damage.
The hobgoblin is moderately wounded.
The hobgoblin barely misses you.
You hit the hobgoblin but do no damage.
The hobgoblin is moderately wounded.
The hobgoblin closely misses you.
You hit the hobgoblin.
The hobgoblin is heavily wounded.
The hobgoblin barely misses you.
You hit the hobgoblin but do no damage.
The hobgoblin is heavily wounded.
The hobgoblin hits you but does no damage.
You hit the hobgoblin but do no damage.
The hobgoblin is heavily wounded.
The hobgoblin hits you.
* * * LOW HITPOINT WARNING * * *
You take 2 damage, and have 4/10 hp.
Found a scroll labeled ISUREP QUTI.
You see here a scroll labeled ISUREP QUTI.
i - a scroll labeled ISUREP QUTI The hobgoblin barely misses you.
A frilled lizard comes into view.
The frilled lizard hisses angrily.
The frilled lizard barely misses you. The frilled lizard closely misses you.
You see here a ration.
c - 2 rations (gained 1)
The frilled lizard closely misses you. The frilled lizard bites you.
* * * LOW HITPOINT WARNING * * *
You take 1 damage, and have 5/10 hp.
A hobgoblin comes into view.
The hobgoblin barely misses you.
A hobgoblin comes into view. It is wielding a club.
A rat comes into view.
The hobgoblin shouts!
The hobgoblin hits you with a club.
* * * LOW HITPOINT WARNING * * *
You take 3 damage, and have 3/10 hp.
MASSIVE DAMAGE!!
The hobgoblin closely misses you. The kobold barely misses you.
There is a stone staircase leading down here.
The kobold hits you.
You die...

#g#.#.#.#.##.####.#
######.#.....#.........#
.........# ####.######
.#####.#.#.#####[.##############
...#g#......................
#####.#######g#............#
#####g.......g'............#
..............K#............#
........#.....@#######.######
..#..........#.# #.#
#............#.# #.#
....###.#....#.# #.#
#...#####....#.#######.#
.............#......##.####
...........#......#.....#
........####......#.....# ###
......#....#......#.....###..


You could see 2 hobgoblins and a kobold.

Vanquished Creatures
  A bat (D:1)
1 creature vanquished.

Notes
Turn   | Place    | Note
-------+----------+-------------------------------------------
     0 | D:1      | Monsterracer the Deep Elf Wizard began the quest for the Orb.
     0 | D:1      | Reached XP level 1. HP: 10/10 MP: 7/7
   133 | D:1      | HP: 4/10 [hobgoblin (2)]
   189 | D:1      | HP: 5/10 [frilled lizard (1)]
   205 | D:1      | HP: 3/10 [hobgoblin/club (3)]
   226 | D:1      | Slain by a kobold

Action                   || total
-------------------------++-------
Melee: Dagger            ||    17
 Stab: Sleeping          ||     1
Armor: Robe              ||     4
Dodge: Dodged            ||    17

Vault maps used:
D:1:      lightli_arrival_flooded_house
